Description

  • Nexus First
  • Adept Harras
  • Double Stargate
  • 8 Phoenix Harras
  • 3-Base
  • Double Robo Kolossi

Replay - ShoWTimE v SortOf: Game 1 - Dusk Towers

Build Order

Get SALT Encoding   

  13  0:09  Probe  
  14  0:17  Pylon  
  14  0:20  Probe  
  15  0:34  Probe  
  16  0:44  Probe  
  17  0:59  Nexus  
  17  1:11  Gateway, Probe  
  18  1:22  Assimilator, Probe  
  19  1:28  Assimilator  
  19  1:32  Probe  
  20  1:41  Gateway  
  20  1:43  Probe  
  21  1:53  Probe  
  21  1:58  Cybernetics Core  
  22  2:04  Probe  
  23  2:10  Probe  
  23  2:14  Probe  
  24  2:20  Probe  
  26  2:25  Probe  
  27  2:31  Probe  
  27  2:34  Mothership Core  
  27  2:35  Adept x2  
  32  2:43  Probe  
  34  2:44  Pylon  
  34  2:48  Warp Gate  
  35  2:54  Probe  
  35  2:55  Probe  
  41  3:06  Adept x2 (Chrono Boost), Probe  
  41  3:09  Pylon  
  41  3:11  Probe  
  43  3:18  Probe  
  44  3:22  Pylon  
  44  3:23  Probe  
  45  3:27  Pylon  
  45  3:30  Pylon  
  45  3:32  Probe (Chrono Boost)  
  45  3:42  Stargate  
  45  3:45  Stargate  
  45  3:46  Probe (Chrono Boost)  
  45  3:47  Probe (Chrono Boost)  
  47  3:51  Probe  
  47  3:54  Probe  
  48  4:01  Probe  
  48  4:02  Assimilator  
  45  4:03  Assimilator  
  45  4:04  Probe  
  47  4:11  Forge  
  47  4:12  Probe  
  47  4:15  Probe  
  49  4:23  Probe  
  49  4:27  Probe  
  55  4:32  Phoenix (Chrono Boost)  
  55  4:33  Phoenix (Chrono Boost)  
  55  4:34  Pylon  
  55  4:35  Probe  
  56  4:39  Probe  
  57  4:47  Phoenix x2  
  57  4:48  Probe  
  57  4:52  Adept x2  
  64  4:54  Probe  
  65  5:00  Probe  
  65  5:17  Pylon  
  65  5:21  Robotics Facility  
  65  5:26  Protoss Ground Weapons Level 1  
  63  5:29  Probe  
  63  5:32  Probe  
  62  5:37  Phoenix x2  
  62  5:38  Adept x2  
  70  5:49  Nexus  
  70  5:50  Pylon  
  70  5:54  Pylon  
  70  5:58  Pylon  
  70  6:02  Pylon  
  70  6:08  Probe x2  
  70  6:11  Robotics Bay  
  72  6:14  Robotics Facility  
  72  6:17  Phoenix  
  72  6:20  Probe x2  
  72  6:24  Photon Cannon  
  76  6:32  Probe x2  
  79  6:35  Twilight Council  
  79  6:36  Observer (Chrono Boost)  
  79  6:37  Assimilator  
  79  6:43  Assimilator  
  79  6:44  Probe x2  
  81  6:51  Colossus  
  81  6:56  Probe x2  
  89  7:06  Colossus  
  95  7:08  Probe x2  
  97  7:19  Probe  
  97  7:20  Probe x2  
  100  7:25  Extended Thermal Lance (Chrono Boost)  
  100  7:29  Probe  
  100  7:31  Protoss Ground Weapons Level 2  
  100  7:33  Probe, Gateway  
  100  7:35  Zealot x2  
  100  7:36  Gateway  
  102  7:39  Charge (Chrono Boost)  
  102  7:41  Probe  
  102  7:43  Pylon  
  103  7:48  Pylon  
  103  7:58  Gateway  
  103  8:02  Gateway  
  103  8:04  Gateway  
  103  8:05  Templar Archives  
  103  8:07  Gateway  
  103  8:10  Zealot x2  
  107  8:14  Pylon  
  107  8:19  Warp Prism  
  109  8:22  Photon Cannon  
  109  8:34  Zealot x4  
  109  8:35  Pylon  
  117  8:46  Gateway  
  117  8:47  Pylon  
  99  8:56  High Templar x2  
  99  9:01  Archon, Immortal (Chrono Boost)  
  99  9:02  High Templar x2  
  107  9:05  Immortal (Chrono Boost)  
  107  9:06  Probe  
  107  9:07  Archon  
  110  9:12  Zealot x4  
  118  9:29  Immortal (Chrono Boost)  
  118  9:35  Nexus  
  118  9:38  Pylon  
  126  9:39  Pylon, Immortal  
  126  9:50  Void Ray (Chrono Boost)  
  126  9:52  Zealot x2  
  136  9:53  Void Ray (Chrono Boost)  
  136  9:57  Zealot x2  
  140  10:02  Zealot x2  
  142  10:16  Immortal  
  142  10:19  Photon Cannon  
  144  10:22  Gateway  
  144  10:23  Gateway  
  144  10:25  Probe, Protoss Ground Weapons Level 3  
  145  10:29  High Templar  
  145  10:30  High Templar x2  
  145  10:31  High Templar, Probe  
  145  10:33  Probe  
  145  10:34  Archon  
  145  10:35  Archon  
  155  10:41  Zealot x3  
  161  10:46  Immortal  
  163  10:50  Void Ray  
  153  11:02  Void Ray, Probe  
  153  11:03  Probe x2  
  160  11:10  Warp Prism  
  162  11:13  Dark Shrine  
  162  11:20  High Templar x2, Zealot x2  
  162  11:24  Archon  
  170  11:32  Immortal  
  170  11:34  Assimilator  
  170  11:36  Assimilator  
  171  11:40  Probe  
  171  11:44  Fleet Beacon  
  169  11:48  Zealot x3  
  175  11:55  Immortal  
  179  12:03  Probe  
  180  12:10  Pylon, High Templar  
  180  12:11  High Templar x3  
  180  12:12  Pylon  
  180  12:15  Pylon  
  188  12:19  Pylon  
  188  12:28  Pylon  
  188  12:29  Pylon  
  188  12:34  Tempest (Chrono Boost)  
  196  12:39  Tempest (Chrono Boost)  
  196  12:42  Stalker x2  
  200  12:56  Zealot  
  200  12:57  Zealot x3  
  198  13:01  Dark Templar  
  200  13:06  Tempest  
  200  13:10  Dark Templar, Zealot  
  199  13:19  Dark Templar  
  200  13:25  Tempest  
  200  13:26  Psionic Storm  
  200  13:32  Dark Templar x2, Zealot  
  196  13:45  Tempest  
  196  13:47  Dark Templar, Zealot x3  
  197  14:00  Dark Templar, Zealot  
  197  14:03  Probe x2  
  197  14:04  Probe  
  197  14:05  Probe  
  196  14:10  Tempest  
  196  14:16  Zealot x2  
  199  14:22  Anion Pulse-Crystals  
  197  14:29  Dark Templar, Zealot  
  197  14:30  Zealot  
  171  14:43  Archon, Zealot x2  
  171  14:44  Zealot x3  
  169  14:50  Zealot  
  169  14:51  Zealot  
  147  14:53  Probe x2  
  129  15:02  Dark Templar  
  129  15:04  Dark Templar  
  129  15:05  Zealot x3  
  135  15:11  Assimilator  
  135  15:17  Phoenix x2 (Chrono Boost)  
  127  15:23  Pylon  
  127  15:24  Pylon  
  127  15:27  Pylon  
  127  15:31  Phoenix x2  
  127  15:33  Stalker x3  
  101  15:45  Stalker  
  101  15:46  Archon  
  101  15:47  Archon  
  90  15:55  Stalker x2  
  90  15:56  Stalker  
Spawning Tool Build Advisor. Get it on Overwolf

Go to:

Details

  • Created by: Holly   
  • Published on: Dec 01, 2015
  • Modified on: Dec 01, 2015
  • Patch: Pre-3.8.0
Show
View Real Time Build Order
Export as new Build Order

Comments (1)

On Dec. 2, 2015, 3:08 a.m., StoicLoofah  said:

I have a few questions about this build.

1. do you have a better name for this build? I don't think I really understand what the strategy is overall.
2. Can you flesh out the description to explain how it's supposed to work.
3. I think a lot of this build order probably doesn't need to be followed exactly: for example, I would guess that timings at least past 10 minutes aren't so relevant. What exactly are the steps and timings critical for this build, and can you remove the other things?

Create an account to comment!